NYP
HILLSBORO HOPS @ WEST VIRGINIA BLACK BEARS
06/11/2047
 
TOP OF THE 1ST
Hillsboro Hops batting - Pitching for West Virginia Black Bears : RHP Eric Bourque
Pitching: RHP Eric Bourque
Batting: RHB Nelson Ozuna 0-0: Ball
1-0: Ground out 1-3 (Groundball, 13S, EV 74.4 MPH)
Batting: RHB Armando Estrada 0-0: Foul Ball, location: 2F
0-1: Ball
1-1: Ground out 4-3 (Groundball, 4, EV 86.2 MPH)
Batting: RHB Danny Loyola 0-0: Ground out 6-3 (Groundball, 6M, EV 106.9 MPH)
Top of the 1st over - 0 runs, 0 hits, 0 errors, 0 left on base; Hillsboro 0 - West Virginia 0
BOTTOM OF THE 1ST
West Virginia Black Bears batting - Pitching for Hillsboro Hops : RHP Ricardo Villar
Pitching: RHP Ricardo Villar
Batting: LHB Josh Aerni 0-0: Ball
1-0: Foul Ball, location: 2F
1-1: Ball
2-1: Fly out, F8 (Flyball, 8RD, EV 108.8 MPH)
Batting: RHB Brandon White 0-0: Ball
1-0: Called Strike
1-1: Called Strike
1-2: Foul Ball, location: 2F
1-2: Strikes out looking
Batting: LHB Tomohiro Yokoyama 0-0: Ground out U3 (Groundball, 3S, EV 68.8 MPH)
Bottom of the 1st over - 0 runs, 0 hits, 0 errors, 0 left on base; Hillsboro 0 - West Virginia 0
TOP OF THE 2ND
Hillsboro Hops batting - Pitching for West Virginia Black Bears : RHP Eric Bourque
Batting: RHB Terry Jarrells 0-0: Ball
1-0: Fly out, F7 (Flyball, 7, EV 83.8 MPH)
Batting: RHB Dwane Reed 0-0: Called Strike
0-1: Foul Ball, location: 2F
0-2: Ball
1-2: Ground out 6-3 (Groundball, 6, EV 82.5 MPH)
Batting: RHB Jake Shelton 0-0: Called Strike
0-1: Foul Ball, location: 2F
0-2: Ball
1-2: Ball
2-2: Strikes out looking
Top of the 2nd over - 0 runs, 0 hits, 0 errors, 0 left on base; Hillsboro 0 - West Virginia 0
BOTTOM OF THE 2ND
West Virginia Black Bears batting - Pitching for Hillsboro Hops : RHP Ricardo Villar
Batting: RHB Tim Moore 0-0: Foul Ball, location: 2F
0-1: Foul Ball, location: 2F
0-2: Foul Ball, location: 2F
0-2: Ball
1-2: Fly out, F9 (Flyball, 9LS, EV 91.2 MPH)
Batting: RHB Seung-mun Kim 0-0: Called Strike
0-1: Ball
1-1: Foul Ball, location: 2F
1-2: Ball
2-2: Ball
3-2: Foul Ball, location: 2F
3-2: Foul Ball, location: 2F
3-2: Ground out 1-3 (Groundball, 13S, EV 72.5 MPH)
Batting: RHB Alex Arzate 0-0: Ball
1-0: Swinging Strike
1-1: Ground out 5-3 (Groundball, 56, EV 84.4 MPH)
Bottom of the 2nd over - 0 runs, 0 hits, 0 errors, 0 left on base; Hillsboro 0 - West Virginia 0
TOP OF THE 3RD
Hillsboro Hops batting - Pitching for West Virginia Black Bears : RHP Eric Bourque
Batting: RHB Roberto Monzon 0-0: Foul Ball, location: 2F
0-1: Ball
1-1: Called Strike
1-2: Hit by Pitch
Batting: RHB Ryuki Ogasawara 0-0: Called Strike
0-1: Called Strike
Roberto Monzon steals 2nd base
0-2: Ball
1-2: SINGLE (Line Drive, 4D, EV 108.8 MPH)
Roberto Monzon to third
Batting: RHB Trevor Corey 0-0: Ball
Ryuki Ogasawara steals 2nd base
1-0: Foul Ball, location: 2F
1-1: Swinging Strike
1-2: Strikes out swinging
Batting: RHB Nelson Ozuna 0-0: Ball
1-0: Ground out 5-3 (Groundball, 56, EV 83.8 MPH)
Roberto Monzon scores
Batting: RHB Armando Estrada 0-0: Ball
1-0: Swinging Strike
1-1: Foul Ball, location: 2F
1-2: Ball
2-2: Foul Ball, location: 2F
2-2: Fly out, F9 (Flyball, 89S, EV 91.2 MPH)
Top of the 3rd over - 1 run, 1 hit, 0 errors, 1 left on base; Hillsboro 1 - West Virginia 0
BOTTOM OF THE 3RD
West Virginia Black Bears batting - Pitching for Hillsboro Hops : RHP Ricardo Villar
Batting: RHB Randy Bergman 0-0: Called Strike
0-1: Ball
1-1: Foul Ball, location: 2F
1-2: Ball
2-2: Ball
3-2: Strikes out swinging
Batting: RHB Perry Dominey 0-0: Called Strike
0-1: Ground out 6-3 (Groundball, 6, EV 88.8 MPH)
Batting: RHB Tyler West 0-0: Ball
1-0: Ground out 4-3 (Groundball, 4, EV 90.6 MPH)
Bottom of the 3rd over - 0 runs, 0 hits, 0 errors, 0 left on base; Hillsboro 1 - West Virginia 0
TOP OF THE 4TH
Hillsboro Hops batting - Pitching for West Virginia Black Bears : RHP Eric Bourque
Batting: RHB Danny Loyola 0-0: Called Strike
0-1: Ball
1-1: Ball
2-1: Ground out 6-3 (Groundball, 6, EV 86.9 MPH)
Batting: RHB Terry Jarrells 0-0: Ball
1-0: Ball
2-0: Foul Ball, location: 2F
2-1: Foul Ball, location: 2F
2-2: Fly out, F9 (Flyball, 89M, EV 83.1 MPH)
Batting: RHB Dwane Reed 0-0: Ball
1-0: Foul Ball, location: 2F
1-1: Ball
2-1: DOUBLE (Line Drive, 9LM, EV 112.5 MPH)
Batting: RHB Jake Shelton 0-0: Swinging Strike
0-1: Swinging Strike
0-2: Ball
1-2: Fly out, F5 (Line Drive, 5L, EV 70.0 MPH)
Top of the 4th over - 0 runs, 1 hit, 0 errors, 1 left on base; Hillsboro 1 - West Virginia 0
BOTTOM OF THE 4TH
West Virginia Black Bears batting - Pitching for Hillsboro Hops : RHP Ricardo Villar
Batting: LHB Josh Aerni 0-0: Called Strike
0-1: Called Strike
0-2: Ball
1-2: Ground out 4-3 (Groundball, 4, EV 105.0 MPH)
Batting: RHB Brandon White 0-0: Called Strike
0-1: Ground out 6-3 (Groundball, 56, EV 105.6 MPH)
Batting: LHB Tomohiro Yokoyama 0-0: Ball
1-0: Ball
2-0: Ball
3-0: Base on Balls
Batting: RHB Tim Moore 0-0: Ball
Pickoff Throw to First - Out! 1-3
Bottom of the 4th over - 0 runs, 0 hits, 0 errors, 0 left on base; Hillsboro 1 - West Virginia 0
TOP OF THE 5TH
Hillsboro Hops batting - Pitching for West Virginia Black Bears : RHP Eric Bourque
Batting: RHB Roberto Monzon 0-0: Ball
1-0: Hit by Pitch
Batting: RHB Ryuki Ogasawara 0-0: Called Strike
0-1: Ball
Wild Pitch!
Roberto Monzon to second
1-1: Foul Ball, location: 2F
1-2: Foul Ball, location: 2F
1-2: Fly out, F8 (Flyball, 8LXD, EV 97.5 MPH)
Runner from 2nd tags up, SAFE at 3rd, no throw by CF
Batting: RHB Trevor Corey 0-0: Ground out 6-3 (Groundball, 6, EV 108.1 MPH)
Batting: RHB Nelson Ozuna 0-0: Ball
1-0: Ball
2-0: Swinging Strike
2-1: Ball
3-1: Foul Ball, location: 2F
3-2: Foul Ball, location: 2F
3-2: Strikes out swinging
Top of the 5th over - 0 runs, 0 hits, 0 errors, 1 left on base; Hillsboro 1 - West Virginia 0
BOTTOM OF THE 5TH
West Virginia Black Bears batting - Pitching for Hillsboro Hops : RHP Ricardo Villar
Batting: RHB Tim Moore 0-0: Ball
1-0: Called Strike
1-1: Ball
2-1: Ball
3-1: Ground out 6-3 (Groundball, 6, EV 98.1 MPH)
Batting: RHB Seung-mun Kim 0-0: Called Strike
0-1: Swinging Strike
0-2: Foul Ball, location: 2F
0-2: Ball
1-2: Ball
2-2: Ground out 4-3 (Groundball, 4, EV 101.2 MPH)
Batting: RHB Alex Arzate 0-0: Fly out, F6 (Popup, 15S, EV 90.6 MPH)
Bottom of the 5th over - 0 runs, 0 hits, 0 errors, 0 left on base; Hillsboro 1 - West Virginia 0
TOP OF THE 6TH
Hillsboro Hops batting - Pitching for West Virginia Black Bears : RHP Eric Bourque
Batting: RHB Armando Estrada 0-0: Ball
1-0: Ball
2-0: Ball
3-0: Called Strike
3-1: Base on Balls
Batting: RHB Danny Loyola 0-0: Ball
1-0: Ball
2-0: Fielders Choice at 2nd, 6-4 (Groundball, 6, EV 91.9 MPH)
Batting: RHB Terry Jarrells 0-0: Ball
1-0: Ball
2-0: Called Strike
2-1: Swinging Strike
2-2: Fielders Choice at 2nd, 3-6 (Groundball, 3, EV 93.1 MPH)
Pitching: RHP Hitoshi Yoshihara
Batting: RHB Dwane Reed 0-0: Ball
1-0: Ball
2-0: Swinging Strike
2-1: Swinging Strike
2-2: Strikes out swinging
Top of the 6th over - 0 runs, 0 hits, 0 errors, 1 left on base; Hillsboro 1 - West Virginia 0
BOTTOM OF THE 6TH
West Virginia Black Bears batting - Pitching for Hillsboro Hops : RHP Ricardo Villar
Batting: RHB Randy Bergman 0-0: Foul Ball, location: 2F
0-1: Called Strike
0-2: Ball
1-2: Ball
2-2: Strikes out swinging
Batting: RHB Perry Dominey 0-0: Ground out 5-3 (Groundball, 5S, EV 88.1 MPH)
Batting: RHB Tyler West 0-0: Ball
1-0: Fly out, F5 (Line Drive, 5, EV 73.1 MPH)
Bottom of the 6th over - 0 runs, 0 hits, 0 errors, 0 left on base; Hillsboro 1 - West Virginia 0
TOP OF THE 7TH
Hillsboro Hops batting - Pitching for West Virginia Black Bears : RHP Hitoshi Yoshihara
Batting: RHB Jake Shelton 0-0: Ball
1-0: Called Strike
1-1: Called Strike
1-2: Strikes out looking
Batting: RHB Roberto Monzon 0-0: Called Strike
0-1: Ground out 6-3 (Groundball, 6, EV 108.8 MPH)
Batting: RHB Ryuki Ogasawara 0-0: Foul Ball, location: 2F
0-1: Called Strike
0-2: Ground out 2-3 (Groundball, 2L, EV 65.6 MPH)
Top of the 7th over - 0 runs, 0 hits, 0 errors, 0 left on base; Hillsboro 1 - West Virginia 0
BOTTOM OF THE 7TH
West Virginia Black Bears batting - Pitching for Hillsboro Hops : RHP Ricardo Villar
Now at 1B: Orlando Florez
Batting: LHB Josh Aerni 0-0: Ball
1-0: Foul Ball, location: 2F
1-1: Ball
2-1: Swinging Strike
2-2: Ball
3-2: Fly out, F5 (Line Drive, 56, EV 64.4 MPH)
Batting: RHB Brandon White 0-0: Ball
1-0: Ball
2-0: Ball
3-0: Called Strike
3-1: SINGLE (Groundball, 56D, EV 105.0 MPH)
Batting: LHB Tomohiro Yokoyama Pickoff Throw to First - Out! 1-3
0-0: Ground out 6-3 (Groundball, 56, EV 105.6 MPH)
Bottom of the 7th over - 0 runs, 1 hit, 0 errors, 0 left on base; Hillsboro 1 - West Virginia 0
TOP OF THE 8TH
Hillsboro Hops batting - Pitching for West Virginia Black Bears : RHP Hitoshi Yoshihara
Batting: RHB Trevor Corey 0-0: Called Strike
0-1: Swinging Strike
0-2: Strikes out swinging
Batting: RHB Nelson Ozuna 0-0: Ball
1-0: Ball
2-0: Called Strike
2-1: Foul Ball, location: 2F
2-2: Strikes out looking
Batting: RHB Armando Estrada 0-0: Ball
1-0: Called Strike
1-1: Ball
2-1: Ball
3-1: SINGLE (Groundball, 6MS, EV 76.2 MPH) (infield hit)
Pitching: RHP Iwao Machida
Batting: RHB Danny Loyola 0-0: Ball
Armando Estrada steals 2nd base (no throw)
1-0: Swinging Strike
1-1: Ball
2-1: Called Strike
2-2: Ball
3-2: Base on Balls
Batting: RHB Orlando Florez 0-0: Ball
1-0: Ball
2-0: Foul Ball, location: 2F
2-1: Foul Ball, location: 2F
2-2: Foul Ball, location: 2F
2-2: Ball
3-2: Base on Balls
Armando Estrada to third
Danny Loyola to second
Batting: RHB Dwane Reed 0-0: Ball
1-0: Swinging Strike
1-1: Fly out, F3 (Popup, 23F, EV 82.5 MPH)
Top of the 8th over - 0 runs, 1 hit, 0 errors, 3 left on base; Hillsboro 1 - West Virginia 0
BOTTOM OF THE 8TH
West Virginia Black Bears batting - Pitching for Hillsboro Hops : RHP Ricardo Villar
Batting: RHB Tim Moore 0-0: Ball
1-0: Called Strike
1-1: Ball
2-1: Ground out 6-3 (Groundball, 56S, EV 86.9 MPH)
Batting: RHB Seung-mun Kim 0-0: Called Strike
0-1: Foul Ball, location: 2F
0-2: Ball
1-2: Foul Ball, location: 2F
1-2: Strikes out looking
Batting: RHB Alex Arzate 0-0: Ball
1-0: Foul Ball, location: 2F
1-1: Ball
2-1: Swinging Strike
2-2: Strikes out swinging
Bottom of the 8th over - 0 runs, 0 hits, 0 errors, 0 left on base; Hillsboro 1 - West Virginia 0
TOP OF THE 9TH
Hillsboro Hops batting - Pitching for West Virginia Black Bears : RHP Iwao Machida
Pitching: RHP Serguei Rudakovsky
Pinch Hitting: LHB Josh Thomas 0-0: Ball
1-0: Foul Ball, location: 2F
1-1: Foul Ball, location: 2F
1-2: Foul Ball, location: 2F
1-2: Strikes out swinging
Batting: RHB Roberto Monzon 0-0: Called Strike
0-1: Ball
1-1: Foul Ball, location: 2F
1-2: Strikes out looking
Batting: RHB Ryuki Ogasawara 0-0: Ball
1-0: Fly out, F8 (Flyball, 8LD, EV 85.0 MPH)
Top of the 9th over - 0 runs, 0 hits, 0 errors, 0 left on base; Hillsboro 1 - West Virginia 0
BOTTOM OF THE 9TH
West Virginia Black Bears batting - Pitching for Hillsboro Hops : RHP Ricardo Villar
Pitching: LHP Jose Estrada
Now in LF: Chris McGrath
Batting: RHB Randy Bergman 0-0: Called Strike
0-1: Ball
1-1: Foul Ball, location: 2F
1-2: Strikes out looking
Batting: RHB Perry Dominey 0-0: Ball
1-0: Foul Ball, location: 2F
1-1: Swinging Strike
1-2: Foul Ball, location: 2F
1-2: Ball
2-2: Foul Ball, location: 2F
2-2: Ball
3-2: Base on Balls
Batting: RHB Tyler West 0-0: Foul Ball, location: 2F
0-1: Swinging Strike
0-2: Fly out, F8 (Line Drive, 8RD, EV 88.1 MPH)
Pinch Hitting: RHB Jaime Dubicki 0-0: Called Strike
0-1: Foul Ball, location: 2F
0-2: Strikes out swinging
Bottom of the 9th over - 0 runs, 0 hits, 0 errors, 1 left on base; Hillsboro 1 - West Virginia 0
Thursday, December 15th , 2022 - OOTP Baseball 23.9 Build 102